 Dungeon Crawl Stone Soup version 0.31-a0-1589-g8f5e8aebd6 (webtiles) character file.

Game seed: 17613064865036963749

310 Dordric the Shooter (level 6, -1/44 HPs)
             Began as a Formicid Hunter on Jan 5, 2024.
             Was an Initiate of Hepliaklqana.
             Incinerated by a bombardier beetle (5 damage)
             ... with a burning spray
             ... on level 4 of the Dungeon.
             The game lasted 00:04:01 (2804 turns).

Dordric the Shooter (Formicid Hunter)               Turns: 2804, Time: 00:04:02

Health: -1/44      AC:  9    Str: 16    XL:     6   Next: 70%
Magic:  6/6        EV: 10    Int:  8    God:    Hepliaklqana [......]
Gold:   135        SH:  0    Dex: 19    Spells: 5/5 levels left

rFire   . . .        a - +0 shortbow
rCold   . . .        (no shield)
rNeg    + . .        p - +0 scale mail
rPois   .            (helmet unavailable)
rElec   .            f - +0 cloak
rCorr   +            j - +0 pair of gloves
SInv    +            (no boots)
Will    .....        (no amulet)
Stlth   +            d - ring of resist corrosion
HPRegen 0.27/turn    m - ring of positive energy
MPRegen 0.10/turn

%: no passive effects
@: on fire, glowing
A: permanent stasis, dig shafts and tunnels, antennae 3, four strong arms
a: Dig, Shaft Self, Renounce Religion


You were on level 4 of the Dungeon.
You worshipped Hepliaklqana.
Hepliaklqana was noncommittal.
You visited 2 branches of the dungeon, and saw 5 of its levels.

You collected 135 gold pieces.

Inventory:

Hand Weapons
 a - a +0 shortbow (weapon)
Armour
 c - a +0 leather armour
 f - a +0 cloak (worn)
 g - a +0 ring mail
 j - a +0 pair of gloves (worn)
 p - a +0 scale mail (worn)
Jewellery
 d - a ring of resist corrosion (left hand)
 m - a ring of positive energy (right hand)
 r - a ring of positive energy
Talismans
 i - a storm talisman
Wands
 s - a wand of digging (5)
Scrolls
 b - a scroll of butterflies
 n - a scroll of fear
 t - a scroll of amnesia {unknown}
 u - a scroll of torment
Potions
 e - 3 potions of might {unknown}
 h - 2 potions of haste {unknown}
 k - a potion of ambrosia {unknown}
 l - a potion of mutation {unknown}
 o - a potion of curing {unknown}
 q - a potion of resistance {unknown}


   Skills:
 - Level 2.1 Fighting
 + Level 6.3 Ranged Weapons
 + Level 4.0 Armour
 - Level 1.7 Dodging
 - Level 1.2 Stealth


You had 5 spell levels left.
You didn't know any spells.
Your spell library contained the following spells:

 Spells                   Type           Power      Damage    Failure   Level
 Apportation              Tloc           0%         N/A       83%         1
 Jinxbite                 Hex            0%         N/A       92%         2
 Alistair's Intoxication  Alch           0%         N/A       100%        5


Dungeon Overview and Level Annotations

Branches:
Dungeon (4/15)             Temple (1/1) D:4

Altars:
Ashenzari
Cheibriados
Gozag
Hepliaklqana
Ru
Trog
Uskayaw
Wu Jian
Yredelemnul
The Shining One


Innate Abilities, Weirdness & Mutations

You cannot be hasted, slowed, berserked, paralysed or teleported.
You can dig through walls and to a lower floor.
You have a pair of large antennae on your head. (SInv)
Your four strong arms can wield two-handed weapons with a shield.


Message History

The burning spray hits you.
You are even more covered in liquid fire!
Fire: a) +0 shortbow
Press: ? - help, Q - select action, (/) - cycle Shift-Dir - straight line, f/p - bombardier beetle
Aim: a bombardier beetle (almost dead, 75% to hit)
You shoot an arrow. The arrow hits the bombardier beetle.
The bombardier beetle is almost dead.
The liquid fire burns you!
A hobgoblin comes into view.
Fire: a) +0 shortbow
Press: ? - help, Q - select action, (/) - cycle Shift-Dir - straight line, f/p - bombardier beetle
Aim: a bombardier beetle (almost dead, 75% to hit)
You shoot an arrow. The hobgoblin shouts!
The arrow hits the bombardier beetle but does no damage.
The bombardier beetle is almost dead.
The liquid fire burns you!
* * * LOW HITPOINT WARNING * * *
Fire: a) +0 shortbow
Press: ? - help, Q - select action, (/) - cycle Shift-Dir - straight line, f/p - bombardier beetle
Aim: a bombardier beetle (almost dead, 75% to hit)
You shoot an arrow. The arrow hits the bombardier beetle!
You kill the bombardier beetle!
The liquid fire burns you!
* * * LOW HITPOINT WARNING * * *
Your Armour skill increases to level 4!
Fire: a) +0 shortbow
Press: ? - help, Q - select action, (/) - cycle Shift-Dir - straight line, f - hobgoblin
Aim: a hobgoblin (65% to hit)
You shoot an arrow.
The arrow hits the hobgoblin but does no damage.
The liquid fire burns you!
* * * LOW HITPOINT WARNING * * *
Fire: a) +0 shortbow
Press: ? - help, Q - select action, (/) - cycle Shift-Dir - straight line, f/p - hobgoblin
Aim: a hobgoblin (65% to hit)
You shoot an arrow. The arrow hits the hobgoblin!
You kill the hobgoblin!
The liquid fire burns you!
You die...

........# .##.###.# .#
.##.# ##.## .##.# #...
.##.###.###..####
........#.......#
.##.#####.#.##..# ..
..#.#####.#.#...####....
................@†.$....
#.#.#####.#......###....
#..>..###.####...# .
..###..##........# .##
##....######.# ## ######
#.# #.# ... .#.


There were no monsters in sight!

Vanquished Creatures
  An ogre (D:4)
  A bombardier beetle (D:4)
  An orc priest (D:3)
  A hound (D:3)
  Terence (D:3)
  Jessica (D:3)
  An adder (D:2)
  3 dart slugs
  4 orcs (D:3)
  8 endoplasms
  6 giant cockroaches
  6 goblins
  7 hobgoblins
  5 jackals (D:1)
  3 quokkas
  6 ball pythons
  2 bats
  5 frilled lizards
  8 kobolds
  5 rats
75 creatures vanquished.

Notes
Turn   | Place    | Note
-------+----------+-------------------------------------------
     0 | D:1      | Dordric the Formicid Hunter began the quest for the Orb.
     0 | D:1      | Reached XP level 1. HP: 16/16 MP: 1/1
    97 | D:1      | Reached XP level 2. HP: 22/22 MP: 2/2
   197 | D:1      | Found a faded altar of an unknown god.
   485 | D:1      | Reached XP level 3. HP: 27/27 MP: 3/3
   758 | D:2      | Reached skill level 5 in Ranged Weapons
   844 | D:2      | Reached skill level 1 in Armour
   891 | D:2      | Reached XP level 4. HP: 33/33 MP: 4/4
  1212 | D:3      | Noticed Terence
  1229 | D:3      | Killed Terence
  1526 | D:3      | Noticed Jessica
  1537 | D:3      | Reached XP level 5. HP: 21/38 MP: 5/5
  1547 | D:3      | Killed Jessica
  2265 | D:3      | Reached XP level 6. HP: 41/44 MP: 6/6
  2404 | D:4      | Found a staircase to the Ecumenical Temple.
  2460 | Temple   | Entered the Ecumenical Temple
  2472 | Temple   | Became a worshipper of Hepliaklqana the Forgotten
  2628 | D:4      | Noticed an ogre
  2632 | D:4      | Killed an ogre
  2633 | D:4      | Reached skill level 6 in Ranged Weapons
  2804 | D:4      | Incinerated by a bombardier beetle

Illustrated notes

Levels and vault maps discovered:
D:1:      dpeg_arrival_oval, layout_loops_ring, basic_ecumenical_altar,
          chequers_arboretum
D:2:      layout_rooms
D:3:      layout_basic, uniq_terence, uniq_jessica
D:4:      layout_loops_corners, nicolae_overflows_in_rows,
          minmay_temple_entry_butterflies,
          serial_library_regret_index_split_case
Temple:   hellmonk_temple_rainy

Skill      XL: |  1  2  3  4  5  6 |
---------------+-------------------+-----
Ranged Weapons | 5 6 |  6.3
Armour         | 1 2 3 4 |  4.0
Fighting       | |  2.1
Dodging        | |  1.7
Stealth        | |  1.2

Action                     |  1- 3 |  4- 6 || total
---------------------------+-------+-------++-------
   Fire: Shortbow          |    81 |   163 ||   244
    Use: Scroll            |       |     3 ||     3
 Armour: Ring mail         |     7 |    38 ||    45
         Scale mail        |       |    12 ||    12
  Dodge: Dodged            |    10 |    37 ||    47
         Form:             |       |     1 ||     1
         Storm             |       |     1 ||     1

Table legend: (Time is in decaauts)
 A = Elapsed time spent in this place.
 B = Non-inter-level travel time spent in this place.
 C = Inter-level travel time spent in this place.
 D = Time resting spent in this place.
 E = Time spent auto-exploring this place.
 F = Levels seen in this place.
 G = Mean time per level.
                   A        B        C        D        E       F      G
               +--------+--------+--------+--------+--------+-----+--------+
         Total |   2865 |   2747 |    118 |      0 |   2153 |   5 |  573.0 |
       Dungeon |   2840 |   2733 |    107 |      0 |   2153 |   4 |  710.0 |
        Temple |     24 |     13 |     11 |      0 |      0 |   1 |   24.0 |
               +--------+--------+--------+--------+--------+-----+--------+

Top non-repeatable levels by time:
     D:3: 1216 daAuts
     D:1: 767 daAuts
     D:4: 451 daAuts
     D:2: 405 daAuts
  Temple: 24 daAuts
